 Dungeon Crawl Stone Soup version 0.29.0-4-gdea44cf6ec (webtiles) character file.

Game seed: 7003195514325737027

912 qw the Grappler (level 7, 0/67 HPs)
             Began as a Troll Cinder Acolyte on Sept 1, 2022.
             Was an Elder of Ignis.
             Slain by an ogre
             ... wielding a +0 giant club
              (19 damage)
             ... on level 6 of the Dungeon.
             The game lasted 00:02:12 (3916 turns).

qw the Grappler (Troll Cinder Acolyte)              Turns: 3916, Time: 00:02:13

Health: 0/67       AC: 11    Str: 25    XL:     7   Next: 82%
Magic:  7/7        EV:  9    Int: 10    God:    Ignis [****..]
Gold:   81         SH:  0    Dex:  5    Spells: 8/8 levels left

rFire   + . .      SeeInvis .     - Unarmed
rCold   . . .      Faith    .   (no shield)
rNeg    . . .      Spirit   .   a - +0 robe
rPois   .          Reflect  .   (helmet restricted)
rElec   .          Harm     .   (no cloak)
rCorr   .          Rampage  .   (gloves unavailable)
Will    .....                   (boots unavailable)
Stlth   +.........              (no amulet)
HPRegen 1.01/turn               (no ring)
MPRegen 0.10/turn               (no ring)

@: fiery-armoured
A: large, unfitting armour, claws 3, regeneration 1, shaggy fur 1, tough skin 1
a: Renounce Religion, Fiery Armour, Foxfire Swarm, Rising Flame


You were on level 6 of the Dungeon.
You worshipped Ignis.
Ignis was greatly pleased with you.
You visited 1 branch of the dungeon, and saw 6 of its levels.

You collected 221 gold pieces.
You spent 140 gold pieces at shops.


Innate Abilities, Weirdness & Mutations

You are too large for most types of armour.
You have claws for hands.
Your natural rate of healing is unusually fast.
You are covered in fur. (AC +1)
You have tough skin. (AC +1)


   Skills:
 - Level 3.0 Fighting
 - Level 1.2 Dodging
 + Level 9.0 Unarmed Combat
 - Level 1.0 Spellcasting
 - Level 2.1 Fire Magic


You had 8 spell levels left.
You didn't know any spells.
Your spell library contained the following spells:

 Spells                   Type           Power      Damage    Failure   Level
 Scorch                   Fire           8%         2d5       22%         2

Inventory:

Armour
 a - a +0 robe (worn)
Scrolls
 e - a scroll of identify
 g - 4 scrolls of teleportation
Potions
 b - 4 potions of curing
 c - 4 potions of heal wounds
 d - a potion of ambrosia {unknown}
 h - a potion of flight {unknown}
 j - a potion of mutation {unknown}
 l - a potion of resistance {unknown}

Dungeon Overview and Level Annotations

Branches:
Dungeon (6/15)             Temple (0/1) D:4

Altars:

Shops:
D:4 !


Message History

You start resting.
HP restored.
You see here an adder corpse.
A centaur comes into view.
The centaur shouts!
The centaur wields a +1 shortbow of flaming.
It bursts into flame!
The centaur shoots an arrow.
The arrow barely misses you.
The centaur shoots an arrow.
The arrow hits you!
3802 ||| Stepping ~*~*~tactically~*~*~ (hiding).
An ogre comes into view. It is wielding a +0 giant club.
The ogre shouts!
You hear a shout!
You see here an adder corpse.
3803 ||| FLEEEEING.
There is a stone staircase leading up here.
3804 ||| STAIRDANCE You climb upwards.
There is a stone staircase leading down here.
You start resting.
HP restored.
You start waiting.
Done waiting.
Done exploring.
(D) Dungeon (T) Temple
Where to? (* - list waypoints, Enter - D:6, ? - help)
What level of the Dungeon? (default 1, ? - help)
You climb downwards.
The ogre hits you with a +0 giant club!!
There is a stone staircase leading up, spattered with blood here.
You claw the ogre!
The ogre is severely wounded.
The ogre closely misses you.
You scratch the ogre.
The ogre is severely wounded.
You closely miss the ogre.
The ogre is severely wounded.
The ogre hits you with a +0 giant club!!
3916 ||| INVOKING Fiery Armour.
A protective cloak of flame settles atop you.
The ogre hits you with a +0 giant club!!
You die...

.. .#....# ...
#.....####
..##.........
. #.#........
..
#........##...
#.....#.....
#....#...##
#...##....###
##O@%.......#
####.####...
.... .......
........#
..........#
...c........
..#..........


You could see an ogre.

Vanquished Creatures
  A phantom (D:4)
  2 necrophages
  A scorpion (D:5)
  A howler monkey (D:5)
  A jelly (D:5)
  A hound (D:4)
  2 orc priests
  A gnoll bouda (D:4)
  Natasha (thrice) (D:2)
  4 iguanas (D:5)
  3 orc wizards
  5 gnolls
  6 adders
  A white imp (D:5)
  2 ufetubi (D:5)
  A worm (D:4)
  2 dart slugs
  7 orcs
  5 endoplasms
  3 giant cockroaches
  6 hobgoblins
  10 jackals
  3 kobolds
  4 quokkas
  11 ball pythons
  3 bats
  3 frilled lizards
  6 goblins
  7 rats
105 creatures vanquished.

Notes
Turn   | Place    | Note
-------+----------+-------------------------------------------
     0 | D:1      | qw the Troll Cinder Acolyte began the quest for the Orb.
     0 | D:1      | Reached XP level 1. HP: 22/22 MP: 1/1
     0 | D:1      | 0 ||| qw: Version: 0.1-a-97-g2dd2ca4
     0 | D:1      | 0 ||| qw: Game counter: 4886
     0 | D:1      | 0 ||| qw: Always use a shield: true
     0 | D:1      | 0 ||| qw: God list: Okawaru
     0 | D:1      | 0 ||| qw: Allow faded altars: false
     0 | D:1      | 0 ||| qw: Do Orc after D:15 true
     0 | D:1      | 0 ||| qw: Do second Lair branch before Depths: true
     0 | D:1      | 0 ||| qw: Lair rune preference: random
     0 | D:1      | 0 ||| qw: Plans: Normal
     0 | D:1      | 0 ||| PLANNING D:1-11
   205 | D:1      | Reached XP level 2. HP: 25/29 MP: 2/2
   682 | D:1      | 682 ||| READING scroll labelled ASHASHRA FUUSUFF.
   683 | D:1      | 683 ||| DRINKING 3 ruby potions.
   684 | D:1      | 684 ||| DROPPING 2 potions of brilliance.
   723 | D:2      | Reached skill level 4 in Unarmed Combat
   784 | D:2      | Reached XP level 3. HP: 36/36 MP: 3/3
   882 | D:2      | Noticed Natasha
   887 | D:2      | Killed Natasha
  1049 | D:2      | 1049 ||| Stepping ~*~*~tactically~*~*~ (outnumbered).
  1057 | D:2      | Reached XP level 4. HP: 44/44 MP: 4/4
  1177 | D:2      | Reached skill level 5 in Unarmed Combat
  1392 | D:2      | Noticed Natasha
  1398 | D:2      | 1398 ||| Stepping ~*~*~tactically~*~*~ (outnumbered).
  1404 | D:2      | Killed Natasha
  1531 | D:2      | Noticed Natasha
  1532 | D:2      | 1532 ||| Stepping ~*~*~tactically~*~*~ (stealth).
  1533 | D:2      | 1533 ||| Stepping ~*~*~tactically~*~*~ (stealth).
  1537 | D:2      | 1537 ||| Stepping ~*~*~tactically~*~*~ (stealth).
  1538 | D:2      | 1538 ||| Stepping ~*~*~tactically~*~*~ (stealth).
  1554 | D:2      | Killed Natasha
  1594 | D:2      | 1594 ||| READING scroll labelled SITIJI BAD HES.
  1595 | D:2      | 1595 ||| READING scroll labelled TASSEI KOIPT.
  1596 | D:2      | 1596 ||| READING scroll labelled ESUAKIO TATSA.
  1601 | D:2      | 1601 ||| READING scroll labelled SOTAUK SUBYN.
  1602 | D:2      | 1602 ||| DRINKING 2 glowing blue potions.
  1603 | D:2      | 1603 ||| DRINKING 3 fuming green potions.
  1662 | D:3      | 1662 ||| INVOKING Fiery Armour.
  1665 | D:3      | Reached XP level 5. HP: 48/50 MP: 5/5
  1665 | D:3      | 1665 ||| Stepping ~*~*~tactically~*~*~ (outnumbered).
  1666 | D:3      | 1666 ||| Stepping ~*~*~tactically~*~*~ (outnumbered).
  1748 | D:3      | 1748 ||| Stepping ~*~*~tactically~*~*~ (outnumbered).
  1758 | D:3      | 1758 ||| INVOKING Fiery Armour.
  1761 | D:3      | Reached skill level 6 in Unarmed Combat
  1858 | D:3      | 1858 ||| Stepping ~*~*~tactically~*~*~ (stealth).
  1869 | D:3      | 1869 ||| Stepping ~*~*~tactically~*~*~ (stealth).
  1970 | D:3      | 1970 ||| DROPPING amulet of magic regeneration.
  2020 | D:4      | Noticed a phantom
  2027 | D:4      | Killed a phantom
  2028 | D:4      | Reached XP level 6. HP: 56/59 MP: 6/6
  2028 | D:4      | 2028 ||| Stepping ~*~*~tactically~*~*~ (stealth).
  2036 | D:4      | Reached skill level 7 in Unarmed Combat
  2156 | D:4      | 2156 ||| Stepping ~*~*~tactically~*~*~ (hiding).
  2286 | D:4      | 2286 ||| Stepping ~*~*~tactically~*~*~ (stealth).
  2288 | D:4      | 2288 ||| Stepping ~*~*~tactically~*~*~ (stealth).
  2289 | D:4      | 2289 ||| Stepping ~*~*~tactically~*~*~ (stealth).
  2312 | D:4      | Found a staircase to the Ecumenical Temple.
  2414 | D:4      | 2414 ||| Stepping ~*~*~tactically~*~*~ (stealth).
  2415 | D:4      | 2415 ||| Stepping ~*~*~tactically~*~*~ (stealth).
  2494 | D:4      | Found Mopeshigh's Distillery.
  2501 | D:4      | 2501 ||| BUYING 2 potions of heal wounds (140 gold).
  2501 | D:4      | Bought 2 potions of heal wounds for 140 gold pieces
  2501 | D:4      | 2501 ||| SHOPLISTING potion of cancellation (112 gold, have
                  | 33).
  2501 | D:4      | 2501 ||| SHOPLISTING potion of curing (42 gold, have 33).
  2501 | D:4      | 2501 ||| SHOPLISTING potion of heal wounds (70 gold, have
                  | 33).
  2501 | D:4      | 2501 ||| SHOPLISTING potion of mutation (112 gold, have
                  | 33).
  2593 | D:4      | 2593 ||| Stepping ~*~*~tactically~*~*~ (stealth).
  2640 | D:4      | 2640 ||| READING scroll labelled LYSCHE EGES.
  2741 | D:4      | 2741 ||| DRINKING 2 fizzy sapphire potions.
  2769 | D:4      | 2769 ||| READING 2 scrolls of identify.
  2769 | D:4      | 2769 ||| IDENTIFYING clear potion
  2770 | D:4      | 2770 ||| DROPPING potion of lignification.
  2771 | D:4      | 2771 ||| DROPPING potion of berserk rage.
  2799 | D:5      | Entered Level 5 of the Dungeon
  2801 | D:5      | 2801 ||| INVOKING Fiery Armour.
  2804 | D:5      | 2804 ||| Stepping ~*~*~tactically~*~*~ (outnumbered).
  2805 | D:5      | 2805 ||| STAIRDANCE
  2912 | D:5      | 2912 ||| STAIRDANCE
  2914 | D:4      | 2914 ||| INVOKING Fiery Armour.
  2927 | D:5      | 2927 ||| STAIRDANCE
  2956 | D:5      | Reached skill level 8 in Unarmed Combat
  2960 | D:5      | 2960 ||| Stepping ~*~*~tactically~*~*~ (hiding).
  2967 | D:5      | 2967 ||| Stepping ~*~*~tactically~*~*~ (outnumbered).
  2970 | D:5      | Reached XP level 7. HP: 64/66 MP: 7/7
  2978 | D:5      | Reached skill level 3 in Fighting
  2979 | D:5      | 2979 ||| Stepping ~*~*~tactically~*~*~ (stealth).
  3225 | D:5      | 3225 ||| Stepping ~*~*~tactically~*~*~ (hiding).
  3226 | D:5      | 3226 ||| Stepping ~*~*~tactically~*~*~ (hiding).
  3428 | D:5      | Reached skill level 9 in Unarmed Combat
  3627 | D:5      | Found the +9 sword of Zonguldrok {reap}
  3663 | D:5      | Reached skill level 1 in Dodging
  3783 | D:5      | 3783 ||| READING scroll labelled XIEDET UXZAE.
  3784 | D:5      | 3784 ||| READING scroll labelled HADA LEYNEI.
  3785 | D:5      | 3785 ||| READING scroll labelled HERAGA KIJOUPN.
  3802 | D:6      | 3802 ||| Stepping ~*~*~tactically~*~*~ (hiding).
  3803 | D:6      | 3803 ||| FLEEEEING.
  3804 | D:6      | 3804 ||| STAIRDANCE
  3916 | D:6      | 3916 ||| INVOKING Fiery Armour.
  3916 | D:6      | Slain by an ogre

Levels and vault maps discovered:
D:1:      psy_arrival_conway, layout_loops_ring
D:2:      layout_loops_corners, uniq_natasha
D:3:      layout_rooms
D:4:      layout_cave_pools, minmay_temple_entry_slanted, serial_shops, shop
D:5:      layout_loops_ring, bh_walls_and_bars
D:6:      nicolae_BIG_FREAKIN_CUBE, layout_cave_pools

Skill      XL: |  1  2  3  4  5  6  7 |
---------------+----------------------+-----
Unarmed Combat | 4 5 6 8 9 |  9.0
Fighting       | 3 |  3.0
Dodging        | 1 |  1.2
Spellcasting   | |  1.0
Fire Magic     | |  2.1

Action                   |  1- 3 |  4- 6 |  7- 9 || total
-------------------------+-------+-------+-------++-------
Melee: Unarmed           |    73 |   156 |    56 ||   285
       Punch             |     1 |     4 |     2 ||     7
Invok: Fiery Armour      |       |     4 |     1 ||     5
  Use: Scroll            |     1 |     6 |     3 ||    10
       Potion            |     1 |     3 |       ||     4
Armor: Robe              |    18 |    61 |    13 ||    92
Dodge: Dodged            |    24 |    65 |    10 ||    99

Table legend:
 A = Non-vault XP
 B = Vault XP
 C = Vault XP percentage of total XP
 D = Non-vault monster count
 E = Vault monster count
 F = Vault count percentage of total count
                 A         B        C        D         E       F
            +---------+---------+-------+---------+---------+-------
      Total |    1267 |      37 |   2.8 |     104 |       1 |   1.0
            +---------+---------+-------+---------+---------+-------
        D:1 |      26 |       0 |   0.0 |      16 |       0 |   0.0
        D:2 |     124 |      37 |  23.0 |      26 |       1 |   3.7
        D:3 |     126 |       0 |   0.0 |      21 |       0 |   0.0
        D:4 |     357 |       0 |   0.0 |      18 |       0 |   0.0
        D:5 |     621 |       0 |   0.0 |      22 |       0 |   0.0
        D:6 |      13 |       0 |   0.0 |       1 |       0 |   0.0
            +---------+---------+-------+---------+---------+-------
